 Dungeon Crawl Stone Soup version 0.30-a0-1043-g60ff8d5f49 (webtiles) character file.

Game seed: 12046931594348591110

20 rabin the Conjurer (level 2, -3/15 HPs)
             Began as a Deep Elf Conjurer on Apr 10, 2023.
             Slain by a worm (6 damage)
             ... on level 2 of the Dungeon.
             The game lasted 00:02:23 (778 turns).

rabin the Conjurer (Deep Elf Conjurer)               Turns: 778, Time: 00:02:23

Health: -3/15      AC:  2    Str:  4    XL:     2   Next: 58%
Magic:  0/8        EV: 12    Int: 22    God:
Gold:   85         SH:  0    Dex: 13    Spells: 6/7 levels left

rFire   . . .      SeeInvis .    j - +0 dagger
rCold   . . .      Faith    .    (no shield)
rNeg    . . .      Spirit   .    a - +0 robe
rPois   .          Reflect  .    (no helmet)
rElec   .          Rampage  .    (no cloak)
rCorr   .                        (no gloves)
Will    .....                    (no boots)
Stlth   ++                       (no amulet)
HPRegen 0.22/turn                (no ring)
MPRegen 0.11/turn                (no ring)

@: no status effects
A: no striking features
a: no special abilities


You were on level 2 of the Dungeon.
You visited 1 branch of the dungeon, and saw 2 of its levels.

You collected 85 gold pieces.

Inventory:

Hand Weapons
 j - a +0 dagger (weapon)
 k - the +7 sling of Grace {flame, rPois rF- Str+6 Dex+3}
   (You found it on level 2 of the Dungeon)

   Str:       It affects your strength (+6).
   Dex:       It affects your dexterity (+3).
   rF:        It makes you vulnerable to fire.
   rPois:     It protects you from poison.
Armour
 a - a +0 robe (worn)
 l - the +0 scale mail of Pessimism {Drain rPois rN+ Dex+4}
   (You took it off a hobgoblin on level 2 of the Dungeon)

   Dex:       It affects your dexterity (+4).
   rPois:     It protects you from poison.
   rN:        It protects you from negative energy.
   Drain:     It drains your maximum health when unequipped.
Jewellery
 f - a ring of resist corrosion
 g - a +6 ring of dexterity
Scrolls
 c - a scroll of enchant armour {unknown}
 d - a scroll of silence {unknown}
 i - a scroll of blinking {unknown}
Potions
 b - 2 potions of magic
 e - 2 potions of curing {unknown}
 h - a potion of brilliance {unknown}


   Skills:
 + Level 2.8 Dodging
 + Level 2.9 Stealth
 + Level 3.4 Spellcasting
 + Level 4.6 Conjurations


You had 6 spell levels left.
You knew the following spells:

 Your Spells              Type           Power      Damage    Failure   Level
a - Magic Dart            Conj           96%        1d7       1%          1

Your spell library contained the following spells:

 Spells                   Type           Power      Damage    Failure   Level
 Searing Ray              Conj           48%        2d6       2%          2
 Dazzling Flash           Conj/Hex       26%        N/A       14%         3
 Fulminant Prism          Conj/Hex       6%         3d6       41%         4
 Iskenderun's Mystic Bla  Conj/Tloc      13%        2d5       41%         4


Dungeon Overview and Level Annotations

Branches:
Dungeon (2/15)

Altars:


Message History

The magic dart hits the worm.
The worm is moderately wounded.
The magic dart hits the worm.
The worm is moderately wounded.
The magic dart hits the worm.
The worm is moderately wounded.
You are out of magic!
You are out of magic!
You can't see any susceptible monsters within range! (Use Z to cast anyway.)
You can't see any susceptible monsters within range! (Use Z to cast anyway.)
The magic dart hits the worm.
The worm is moderately wounded.
The magic dart hits the worm.
The worm is heavily wounded.
The magic dart hits the worm.
The worm is severely wounded.
You are out of magic!
The magic dart hits the worm.
The worm is severely wounded.
The magic dart hits the worm.
The worm is almost dead.
You hit the worm.
The worm is almost dead.
You hit the worm.
The worm is almost dead.
The worm bites you.
You hit the worm.
The worm is almost dead.
You barely miss the worm.
The worm is almost dead.
The worm bites you!
Ouch! That really hurt!
* * * LOW HITPOINT WARNING * * *
You are too injured to fight recklessly!
You are too injured to fight recklessly!
You are too injured to fight recklessly!
You barely miss the worm.
The worm is almost dead.
The worm bites you.
You die...

#...........###.#
#...............###
#####..........####....
#........####....##..#.
#........# ####.....#.
#........# ####....
#........# ####.
#.....w..#.#.. ##
#.....@......# .....
######.###.#.. .#.##
#.# ... ####. #.# #.#
##.... #.. ## ......
##.# #..... .# ...$..
.. ....?. #. ......


You could see a worm.

Vanquished Creatures
  A worm (D:2)
  2 endoplasms (D:2)
  A giant cockroach (D:1)
  3 hobgoblins
  3 kobolds
  2 ball pythons (D:1)
  A bat (D:2)
  A goblin (D:1)
  3 rats (D:1)
17 creatures vanquished.

Notes
Turn   | Place    | Note
-------+----------+-------------------------------------------
     0 | D:1      | rabin the Deep Elf Conjurer began the quest for the Orb.
     0 | D:1      | Reached XP level 1. HP: 10/10 MP: 6/6
   376 | D:1      | Reached XP level 2. HP: 15/15 MP: 6/8
   555 | D:2      | Found a faded altar of an unknown god.
   561 | D:2      | Identified the +7 sling of Grace {flame, rPois rF- Str+6
                  | Dex+3}
   666 | D:2      | Identified the +0 scale mail of Pessimism {Drain rPois rN+
                  | Dex+4}
   778 | D:2      | Slain by a worm

Illustrated notes

Levels and vault maps discovered:
D:1:      minmay_arrival_glassed_features, layout_rooms, minmay_fountain_box
D:2:      minmay_spotlight, layout_rooms, shapermc_ecumenical_altar_totnotflames

Action                     || total
---------------------------++-------
  Melee: Dagger            ||     6
   Cast: Magic Dart        ||    45
 Armour: Robe              ||     1

Table legend: (Time is in decaauts)
 A = Elapsed time spent in this place.
 B = Non-inter-level travel time spent in this place.
 C = Inter-level travel time spent in this place.
 D = Time resting spent in this place.
 E = Time spent auto-exploring this place.
 F = Levels seen in this place.
 G = Mean time per level.
                   A        B        C        D        E       F      G
               +--------+--------+--------+--------+--------+-----+--------+
         Total |    777 |    748 |     29 |      0 |    621 |   2 |  388.5 |
       Dungeon |    777 |    748 |     29 |      0 |    621 |   2 |  388.5 |
               +--------+--------+--------+--------+--------+-----+--------+

Top non-repeatable levels by time:
     D:1: 472 daAuts
     D:2: 304 daAuts
